 Seeded DCSS version 0.27-a0-412-g8dd771e (webtiles) character file.

Game seed: 4727436180709518588 (custom seed)

18279 GeorgeSoros the Tainter (level 12, -1/96 HPs)
             Began as a Yellow Draconian Venom Mage on Feb 22, 2021.
             Was a Priest of Nemelex Xobeh.
             Killed from afar by a will-o-the-wisp (14 damage)
             ... with a foxfire
             ... on level 2 of the Lair of Beasts on Feb 23, 2021.
             The game lasted 01:20:35 (18803 turns).

GeorgeSoros the Tainter (DrVM)                     Turns: 18803, Time: 01:20:36

Health: -1/96      AC: 17    Str: 21    XL:     12   Next: 26%
Magic:  10/17      EV: 14    Int: 20    God:    Nemelex Xobeh [***...]
Gold:   921        SH: 15    Dex: 11    Spells: 5/18 levels left

rFire    . . .     SeeInvis .   a - +9 staff of Olgreb {rPois∞}
rCold    . . .     Faith    .   j - +0 kite shield
rNeg     . . .     Spirit   .   (armour unavailable)
rPois    ∞         Reflect  +   (helmet restricted)
rElec    .         Harm     .   x - +0 cloak
rCorr    +         Rampage  .   f - +2 pair of gloves {Str+3}
Will     .....                  s - +0 pair of boots
Stlth    ++........             q - amulet of reflection
HPRegen  0.26/turn              h - +4 ring of protection
MPRegen  0.15/turn              u - +6 ring of strength

@: short of breath
A: spit acid, unfitting armour, cold-blooded, acid resistance, AC +8
a: Breathe Acid, Renounce Religion, Draw Escape, Draw Destruction, Draw
Summoning, Triple Draw


You were on level 2 of the Lair of Beasts.
You worshipped Nemelex Xobeh.
Nemelex Xobeh was most pleased with you.
You visited 3 branches of the dungeon, and saw 13 of its levels.

You collected 921 gold pieces.

Inventory:

Hand Weapons
 a - the +9 staff of Olgreb (weapon) {rPois∞}
   (You found it on level 7 of the Dungeon)

   It may poison the flesh of those it strikes, and is more effective with a
   high Evocations skill.
   It enhances your poison magic.
   It grants immunity to poison.
   It can be evoked to poison those around you for a time.
 b - the +2 war axe of Pain and Death {flame, Int+2 SInv}
   (You found it on level 6 of the Dungeon)

   It has been specially enchanted to burn those struck by it, causing extra
   injury to most foes and up to half again as much damage against particularly
   susceptible opponents.
   Big, fiery blades are also staple armaments of hydra-hunters.
   It affects your intelligence (+2).
   It lets you see invisible.
 m - a +7 vorpal flail
 J - a +6 quick blade
Missiles
 l - 80 sling bullets
Armour
 f - a +2 pair of gloves of strength (worn)
 j - a +0 kite shield (worn)
 s - a +0 pair of boots (worn)
 x - a +0 cloak (worn)
Jewellery
 h - a +4 ring of protection (left hand)
 q - an amulet of reflection (around neck)
 r - a +4 ring of protection
 u - a +6 ring of strength (right hand)
 v - a ring of protection from cold
 B - a +6 ring of dexterity
 M - a ring of resist corrosion {unknown}
Wands
 t - a wand of random effects (39)
 w - a wand of polymorph (11)
 C - a wand of acid (5)
 F - a wand of digging (2)
 G - a wand of iceblast (8)
 K - a wand of paralysis (4)
 L - a wand of charming (1)
Scrolls
 c - 6 scrolls of teleportation
 e - 6 scrolls of amnesia
 g - 6 scrolls of immolation
 D - 2 scrolls of enchant armour
 H - 2 scrolls of blinking
 N - a scroll of identify
Potions
 d - 3 potions of cancellation
 i - 2 potions of attraction
 k - 2 potions of ambrosia
 n - a potion of heal wounds
 o - 6 potions of curing
 p - a potion of lignification {unknown}
 y - 3 potions of might
 z - 2 potions of flight
 A - 4 potions of brilliance
 E - a potion of berserk rage
 I - 2 potions of invisibility


   Skills:
 - Level 6.2 Fighting
 - Level 9.3 Dodging
 - Level 1.7 Stealth
 + Level 6.9 Shields
 - Level 3.7 Spellcasting
 - Level 3.0 Conjurations
 - Level 5.8 Transmutations
 - Level 5.1 Fire Magic
 - Level 3.0 Air Magic
 - Level 10.0 Poison Magic
 - Level 4.0 Invocations
 - Level 6.0 Evocations


You had 5 spell levels left.
You knew the following spells:

 Your Spells              Type           Power        Failure   Level
a - Sting                 Tmut/Pois      100%         1%          1
b - Poisonous Vapours     Pois/Air       88%          3%          2
c - Ignite Poison         Fire/Tmut/Pois 47%          6%          3
d - Mephitic Cloud        Conj/Pois/Air  37%          12%         3
e - Olgreb's Toxic Radia  Pois           60%          6%          4

Your spell library contained the following spells:

 Spells                   Type           Power        Failure   Level
 Foxfire                  Conj/Fire      80%          7%          1
 Conjure Flame            Conj/Fire      20%          21%         3
 Corona                   Hex            3%           36%         1
 Inner Flame              Hex/Fire       14%          36%         3
 Ensorcelled Hibernation  Hex/Ice        6%           50%         2
 Dazzling Flash           Conj/Hex       18%          52%         3
 Sticky Flame             Conj/Fire      20%          56%         4
 Confusing Touch          Hex            3%           73%         3
 Gell's Gravitas          Tloc           1%           73%         3
 Tukima's Dance           Hex            3%           73%         3
 Petrify                  Tmut/Erth      15%          73%         4
 Fireball                 Conj/Fire      10%          88%         5
 Yara's Violent Unravell  Hex/Tmut       7%           97%         5
 Metabolic Englaciation   Hex/Ice        1%           100%        5


Dungeon Overview and Level Annotations

Branches:
Dungeon (10/15)            Temple (1/1) D:4            Lair (2/6) D:10
    Orc (0/2) D:10
  Swamp: Lair:2-4    Shoals: Lair:2-4     Snake: Lair:2-4    Spider: Lair:2-4

Altars:
Ashenzari
Cheibriados
Dithmenos
Elyvilon
Fedhas
Gozag
Hepliaklqana
Kikubaaqudgha
Makhleb
Nemelex Xobeh
Okawaru
Qazlal
Ru
Sif Muna
Trog
Uskayaw
Vehumet
Wu Jian
Xom
Yredelemnul
Zin
The Shining One
Jiyva

Shops:
D:10 (

Annotations:
D:7 1 runed translucent door


Innate Abilities, Weirdness & Mutations

You can spit globs of acid.
Your golden yellow scales are hard. (AC +8)
You cannot fit into any form of body armour.
You are cold-blooded and may be slowed by cold attacks.
You are resistant to acid. (rCorr)


Message History

The will-o-the-wisp is lightly damaged.
The will-o-the-wisp gestures.
The will-o-the-wisp conjures some foxfire! 2 foxfires come into view.
You hit the will-o-the-wisp but do no damage.
You envenom the will-o-the-wisp.
Your tail-slap misses the will-o-the-wisp.
The will-o-the-wisp is lightly damaged.
The foxfire hits you but does no damage. x2
The will-o-the-wisp gestures.
The will-o-the-wisp conjures some foxfire! 2 foxfires come into view.
You sock the will-o-the-wisp!
You envenom the will-o-the-wisp.
You tail-slap the will-o-the-wisp, but do no damage.
The will-o-the-wisp is moderately damaged.
The foxfire hits you! x2
* * * LOW HITPOINT WARNING * * *
You block the will-o-the-wisp's attack. The will-o-the-wisp engulfs you!
* * * LOW HITPOINT WARNING * * *
You feel much better. The blink frog hits you. The will-o-the-wisp engulfs you!
Press: ? - help, Shift-Dir - straight line, f - will-o-the-wisp
Aim: a will-o-the-wisp (moderately damaged)
You spit a glob of acid.
The glob of acid hits the will-o-the-wisp.
The will-o-the-wisp is splashed with acid.
The acid corrodes the will-o-the-wisp!
The will-o-the-wisp is heavily damaged.
The acid splashes onto the blink frog!
The blink frog is splashed with acid.
The acid corrodes the blink frog!
You block the blink frog's attack.
The will-o-the-wisp gestures.
The will-o-the-wisp conjures some foxfire! 2 foxfires come into view.
You barely miss the will-o-the-wisp.
Your tail-slap misses the will-o-the-wisp.
The will-o-the-wisp is heavily damaged.
The foxfire hits you!!
* * * LOW HITPOINT WARNING * * *
The foxfire hits you!
You die...
Your body glows with a rainbow of weird colours and disappears.

..................>.....
........................
........................
........†$...†..........
........†..†...†........
.....$.........†........
.....§........†.........
......vF..............^.
P##...v@.....###.####...
#....§.....# ### ##..
#.#........## .
##..........#
##......!.## #........#
#......... #........##


You could see a will-o-the-wisp (corroded) and a blink frog (corroded).

Vanquished Creatures
  2 hydras
  3 two-headed ogres
  Urug (D:10)
  A black mamba (Lair:1)
  2 cane toads
  5 komodo dragons
  3 trolls
  Grinder (D:4)
  8 blink frogs (Lair:2)
  3 wyverns
  9 yaks (Lair:1)
  Edmund (D:6)
  2 wargs (D:10)
  6 soldier ants (D:7)
  10 orc warriors
  5 water moccasins
  Duvessa (D:4)
  A black bear (D:9)
  4 ice beasts
  2 ogres
  A centaur (D:9)
  4 phantoms
  A kobold brigand (D:10)
  9 bullfrogs
  3 gnoll sergeants
  A water moccasin zombie (D:5)
  Dowan (D:4)
  4 scorpions
  19 killer bees
  7 wights
  A jelly (D:9)
  4 orc priests
  2 bullfrog zombies
  4 centaur zombies
  4 gnoll shamans
  7 hounds
  4 iguanas
  A bullfrog skeleton (D:3)
  17 orc wizards
  12 worker ants
  2 hound skeletons
  2 howler monkey zombies
  A worker ant zombie (D:9)
  9 adders
  38 gnolls
  A howler monkey skeleton (D:5)
  2 river rats (D:4)
  A shadow imp (D:10)
  A white imp (D:6)
  2 ufetubi
  An ooze (D:3)
  5 adder skeletons
  A worm (D:2)
  5 leopard geckos
  31 orcs
  7 bats
  10 giant cockroaches
  16 goblins
  9 hobgoblins
  26 jackals
  2 quokkas
  2 ball pythons (D:3)
  4 frilled lizards
  A jackal skeleton (D:5)
  9 kobolds
  A leopard gecko zombie (D:5)
  18 rats
383 creatures vanquished.

Vanquished Creatures (collateral kills)
  The ghost of Ubbricas the Digger, a novice OpEE (D:6)
1 creature vanquished.

Vanquished Creatures (others)
  7 foxfires (Lair:2)
  2 fungi (Lair:2)
  2 plants
11 creatures vanquished.

Grand Total: 395 creatures vanquished

Notes
Turn   | Place    | Note
-------+----------+-------------------------------------------
     0 | D:1      | GeorgeSoros the Draconian Venom Mage began the quest for
                  | the Orb.
     0 | D:1      | Reached XP level 1. HP: 14/14 MP: 3/3
   324 | D:1      | Reached skill level 1 in Fighting
   324 | D:1      | Reached XP level 2. HP: 16/23 MP: 1/5
  1379 | D:2      | Reached XP level 3. HP: 28/28 MP: 3/6
  1481 | D:1      | Learned a level 2 spell: Poisonous Vapours
  2077 | D:2      | Reached XP level 4. HP: 36/36 MP: 4/7
  3182 | D:3      | Learned a level 3 spell: Ignite Poison
  3519 | D:3      | Reached XP level 5. HP: 36/42 MP: 8/8
  3748 | D:3      | Reached skill level 1 in Fire Magic
  3804 | D:3      | Reached skill level 4 in Poison Magic
  4281 | D:3      | Reached XP level 6. HP: 50/51 MP: 3/10
  5046 | D:3      | Your scales start taking on a golden yellow colour.
  5046 | D:3      | Reached XP level 7. HP: 35/58 MP: 1/12
  5046 | D:3      | Gained mutation: You are resistant to acid. (rCorr) [Yellow
                  | Draconian growth]
  5536 | D:4      | Noticed Duvessa
  5536 | D:4      | Noticed Dowan
  5548 | D:4      | Killed Duvessa
  5555 | D:4      | Killed Dowan
  5938 | D:4      | Learned a level 3 spell: Mephitic Cloud
  5943 | D:4      | Learned a level 4 spell: Olgreb's Toxic Radiance
  6323 | D:4      | Reached skill level 5 in Poison Magic
  6413 | D:4      | Noticed Grinder
  6459 | D:4      | Killed Grinder
  6460 | D:4      | Reached XP level 8. HP: 60/67 MP: 13/13
  6606 | D:4      | Found a staircase to the Ecumenical Temple.
  6611 | Temple   | Entered the Ecumenical Temple
  6759 | Temple   | Became a worshipper of Nemelex Xobeh the Trickster
  6806 | D:4      | Found an ornate altar of the Wu Jian Council.
  7074 | D:5      | Entered Level 5 of the Dungeon
  7196 | D:5      | Reached skill level 5 in Fighting
  7693 | D:5      | Reached skill level 5 in Transmutations
  7851 | D:5      | Reached * piety under Nemelex Xobeh
  8479 | D:6      | Received a gift from Nemelex Xobeh
  8498 | D:6      | Reached skill level 6 in Poison Magic
  8679 | D:6      | Found a radiant altar of Vehumet.
  8680 | D:6      | Found a runed translucent door.
  8698 | D:6      | Noticed Ubbricas's ghost (novice OpEE)
  8698 | D:6      | Noticed a komodo dragon
  8713 | D:6      | Found a hazy altar of Hepliaklqana.
  8804 | D:6      | Noticed Edmund
  8805 | D:6      | Paralysed by Edmund for 7 turns
  8813 | D:6      | Paralysed by Edmund for 7 turns
  8821 | D:6      | Killed Edmund
  9135 | D:6      | Reached skill level 5 in Fire Magic
  9188 | D:6      | Reached XP level 9. HP: 74/74 MP: 2/14
  9469 | D:6      | Reached skill level 1 in Conjurations
  9469 | D:6      | Reached skill level 1 in Air Magic
  9643 | D:6      | Identified the +0 quarterstaff of Feupn {freeze, Int+3
                  | Dex+6 Stlth+}
  9644 | D:6      | Identified the +2 trident "Beastslayer" {venom, rN+}
  9648 | D:6      | Killed Ubbricas's ghost
  9655 | D:6      | Killed a komodo dragon
  9671 | D:6      | Got a translucent war axe
  9672 | D:6      | Identified the +2 war axe of Pain and Death {flame, Int+2
                  | SInv} (You found it on level 6 of the Dungeon)
 10071 | D:7      | Found a glowing silver altar of Zin.
 10077 | D:7      | Reached skill level 7 in Poison Magic
 10082 | D:7      | Found a burning altar of Makhleb.
 10085 | D:7      | Found a stormy altar of Qazlal.
 10155 | D:7      | Found the +9 staff of Olgreb {rPois∞}
 10197 | D:7      | Found a runed translucent gate.
 10197 | D:7      | Found a runed translucent gate.
 10198 | D:7      | Found a runed translucent door.
 10198 | D:7      | Received a gift from Nemelex Xobeh
 10210 | D:7      | Reached ** piety under Nemelex Xobeh
 10230 | D:7      | Found a runed translucent gate.
 10246 | D:7      | Found a runed translucent door.
 10392 | D:7      | Found a snail-covered altar of Cheibriados.
 10964 | D:7      | Found a sacrificial altar of Ru.
 11112 | D:7      | Found a blossoming altar of Fedhas.
 11113 | D:7      | Found a shadowy altar of Dithmenos.
 11113 | D:7      | Found an opulent altar of Gozag.
 11381 | D:7      | Reached skill level 5 in Dodging
 11382 | D:7      | Reached skill level 8 in Poison Magic
 11478 | D:7      | Reached XP level 10. HP: 75/81 MP: 4/15
 11675 | D:7      | Reached skill level 1 in Invocations
 12001 | D:8      | Noticed a two-headed ogre
 12009 | D:8      | Killed a two-headed ogre
 12010 | D:8      | Reached skill level 1 in Evocations
 12014 | D:8      | Noticed a two-headed ogre
 12467 | D:8      | Got a jewelled great sword
 12468 | D:8      | Identified the +4 great sword of the Shimmering Whale
                  | {drain, *Drain rElec rN+ Str+7} (You found it on level 8 of
                  | the Dungeon)
 12681 | D:8      | Received a gift from Nemelex Xobeh
 13319 | D:8      | Killed a two-headed ogre
 13320 | D:8      | Reached skill level 9 in Poison Magic
 14150 | D:9      | Upgraded the game from 0.27-a0-406-g23f261f to
                  | 0.27-a0-412-g8dd771e
 14367 | D:9      | Reached XP level 11. HP: 88/88 MP: 8/16
 14562 | D:9      | Identified a scroll of acquirement
 14562 | D:9      | Acquired a +6 quick blade
 14709 | D:9      | Received a gift from Nemelex Xobeh
 14716 | D:9      | Got an iridescent morningstar
 14717 | D:9      | Identified the +4 morningstar "Mealip" {freeze, Int+2} (You
                  | found it on level 9 of the Dungeon)
 14919 | D:10     | Entered Level 10 of the Dungeon
 15298 | D:10     | Found Xyotail's Weapon Emporium.
 15300 | D:10     | Found a staircase to the Orcish Mines.
 15430 | D:10     | Noticed a two-headed ogre
 15433 | D:10     | Killed a two-headed ogre
 15434 | D:10     | Reached skill level 5 in Evocations
 15762 | D:10     | Reached *** piety under Nemelex Xobeh
 15812 | D:10     | Reached skill level 10 in Poison Magic
 16113 | D:10     | Found a staircase to the Lair.
 16395 | D:10     | Noticed Urug
 16413 | D:10     | Killed Urug
 16682 | Lair:1   | Entered Level 1 of the Lair of Beasts
 17317 | Lair:1   | Reached skill level 1 in Shields
 17946 | Lair:1   | Got a crystal rapier
 17947 | Lair:1   | Identified the +5 rapier "Demonslayer" {vorpal, rPois rC-
                  | Int+4 SInv} (You found it on level 1 of the Lair of Beasts)
 17996 | Lair:1   | Noticed a five-headed hydra
 18013 | Lair:1   | Killed a three-headed hydra
 18014 | Lair:1   | Reached XP level 12. HP: 50/96 MP: 17/17
 18394 | Lair:2   | Noticed a four-headed hydra
 18409 | Lair:2   | Killed a one-headed hydra
 18410 | Lair:2   | Reached skill level 5 in Shields
 18597 | Lair:2   | Received a gift from Nemelex Xobeh
 18803 | Lair:2   | Killed from afar by a will-o-the-wisp

Illustrated notes

Levels and vault maps discovered:
D:1:      dpeg_arrival_rooms_with_view, layout_basic
D:2:      layout_basic, kennysheep_generic_room_12
D:3:      lemuel_castle_with_subvaults [lemuel_castle_interior_carwin_3],
          layout_basic
D:4:      layout_loops_corners, nzn_wu_jian_council_hall, temple_statues,
          portal_sewer_entry_e, uniq_duvessa, uniq_grinder
D:5:      layout_basic
D:6:      layout_rooms, nicolae_overflow_crystal_walls, kennysheep_mini,
          ebering_ghost_inner_flame, uniq_edmund
D:7:      layout_basic, lemuel_doored_altar, gammafunk_temple_overflow_claw,
          nicolae_ru_great_annihilating_truth, minmay_overflow_temple_star_quad,
          minmay_guarded_unrand_staff_of_olgreb
D:8:      layout_basic, sword_in_stone
D:9:      layout_rooms, minmay_increasing_density
D:10:     layout_irregular_city, erik_lair_orcish_takeover, orc_david_3,
          uniq_urug
Temple:   pf_slime_end_temple
Lair:1:   layout_roguey
Lair:2:   layout_big_grid, minmay_swamp_entry_wisps,
          nicolae_spider_entry_tight_spaces

Skill      XL: |  1  2  3  4  5  6  7  8  9 10 11 12 |
---------------+-------------------------------------+-----
Fighting       | 1 2 3 4 5 6 |  6.2
Transmutations | 2 3 4 5 |  5.8
Fire Magic     | 1 2 3 5 |  5.1
Poison Magic   | 4 5 6 8 9 10 | 10.0
Spellcasting   | 3 |  3.7
Dodging        | 3 5 7 9 |  9.3
Conjurations   | 3 |  3.0
Air Magic      | 3 |  3.0
Invocations    | 4 |  4.0
Evocations     | 4 6 |  6.0
Shields        | 4 6 |  6.9
Stealth        | |  1.7

Action                   |  1- 3 |  4- 6 |  7- 9 | 10-12 || total
-------------------------+-------+-------+-------+-------++-------
Melee: Unarmed           |     3 |       |       |       ||     3
       Dagger            |    20 |   152 |    22 |       ||   194
       Tailslap          |     1 |    15 |    32 |    54 ||   102
       Trident           |       |       |   188 |       ||   188
       War axe           |       |       |    81 |    81 ||   162
       Flail             |       |       |    27 |       ||    27
       Staff             |       |       |       |   255 ||   255
 Cast: Sting             |    65 |    56 |    21 |     5 ||   147
       Poisonous Vapours |     4 |    55 |    43 |     9 ||   111
       Ignite Poison     |       |       |    19 |    60 ||    79
       Olgreb's Toxic Ra |       |       |     2 |     4 ||     6
       Mephitic Cloud    |       |       |       |     4 ||     4
Invok: Draw Summoning    |       |       |     2 |       ||     2
       Draw Destruction  |       |       |       |     3 ||     3
 Abil: Breathe Acid      |       |       |     8 |     5 ||    13
Evoke: Staff of Olgreb   |       |       |       |    48 ||    48
       Wand              |       |       |       |     2 ||     2
  Use: Scroll            |     2 |     4 |     9 |     8 ||    23
       Potion            |       |       |     2 |     1 ||     3
 Stab: Sleeping          |       |       |     4 |     1 ||     5
       Paralysed         |       |       |     1 |     3 ||     4
       Invisible         |       |       |     1 |       ||     1
       Distracted        |       |       |       |     1 ||     1
Armor: Skin              |    12 |    58 |   143 |   135 ||   348
Dodge: Dodged            |    27 |   110 |   230 |   266 ||   633
Block: Other             |       |       |    53 |    75 ||   128
       Kite shield       |       |       |       |    65 ||    65
       Reflection        |       |       |       |     1 ||     1

Table legend: (Time is in decaauts)
 A = Elapsed time spent in this place.
 B = Non-inter-level travel time spent in this place.
 C = Inter-level travel time spent in this place.
 D = Time resting spent in this place.
 E = Time spent auto-exploring this place.
 F = Levels seen in this place.
 G = Mean time per level.
                   A        B        C        D        E       F      G
               +--------+--------+--------+--------+--------+-----+--------+
         Total |  19032 |  18373 |    659 |   1244 |  13643 |  13 | 1464.0 |
       Dungeon |  16716 |  16100 |    616 |   1244 |  11725 |  10 | 1671.6 |
        Temple |    165 |    149 |     16 |      0 |     75 |   1 |  165.0 |
          Lair |   2149 |   2122 |     27 |      0 |   1843 |   2 | 1074.5 |
               +--------+--------+--------+--------+--------+-----+--------+

Top non-repeatable levels by time:
     D:3: 3024 daAuts
     D:6: 1833 daAuts
    D:10: 1765 daAuts
  Lair:1: 1726 daAuts
     D:7: 1682 daAuts
     D:4: 1540 daAuts
     D:9: 1529 daAuts
     D:1: 1484 daAuts
     D:8: 1450 daAuts
     D:5: 1400 daAuts
     D:2: 1006 daAuts
  Lair:2: 423 daAuts
  Temple: 165 daAuts
